 Dungeon Crawl Stone Soup version 0.24.0-13-gcf9b3192b9 (webtiles) character file.

Game seed: 3164980197007779796, levelgen mode: deterministic

1159 FishyPogo the Grasshopper (level 8, -1/56 HPs)
             Began as a Gnoll Warper on Nov 10, 2019.
             Was a Believer of Hepliaklqana.
             Killed from afar by an orc wizard (10 damage)
             ... with a magic dart
             ... on level 6 of the Dungeon.
             The game lasted 00:20:52 (4288 turns).

FishyPogo the Grasshopper (Gnoll Warper)            Turns: 4288, Time: 00:20:53

Health: -1/56      AC:  4    Str: 14    XL:     8   Next: 39%
Magic:  11/17      EV: 15    Int: 16    God:    Hepliaklqana [**....]
Gold:   244        SH:  0    Dex: 16    Spells: 8/19 levels left

rFire    + . .     SeeInvis .   c - +4 dagger
rCold    x . .     Gourm    .   (no shield)
rNeg     . . .     Faith    .   b - +0 leather armour
rPois    .         Spirit   .   (no helmet)
rElec    .         Reflect  .   (no cloak)
rCorr    .         Harm     .   (no gloves)
MR       .....                  z - +0 pair of boots
Stlth    +.........             (no amulet)
HPRegen  0.18/turn              r - ring of fire
MPRegen  0.15/turn              p - ring of attention (curse)

@: very slightly contaminated
A: distributed training, reduced essence, fangs 1, strong nose
a: Recall Ancestor, Ancestor Identity, Renounce Religion


You were on level 6 of the Dungeon.
You worshipped Hepliaklqana.
Hepliaklqana was pleased with you.
You were hungry.

You visited 1 branch of the dungeon, and saw 6 of its levels.

You collected 244 gold pieces.

Inventory:

Hand Weapons
 a - a +0 falchion
 c - a +4 dagger (weapon)
 B - a +2 scimitar of flaming
Missiles
 e - 5 boomerangs of dispersal
 h - 217 stones (quivered)
 x - 8 atropa-tipped darts
Armour
 b - a +0 leather armour (worn)
 z - a +0 pair of boots (worn)
Jewellery
 p - a cursed ring of attention (right hand)
 r - a ring of fire (left hand)
Wands
 y - a wand of disintegration (13)
Scrolls
 d - a scroll of blinking
 g - 2 scrolls of enchant armour {unknown}
 l - 2 scrolls of amnesia
 m - 4 scrolls of teleportation
 o - a scroll of enchant weapon {unknown}
 s - 3 scrolls of identify
 u - a scroll of random uselessness {unknown}
 v - a scroll of remove curse {unknown}
Potions
 i - 3 potions of heal wounds {unknown}
 j - 3 potions of curing {unknown}
 k - a potion of might
 n - a potion of invisibility {unknown}
 q - a potion of cancellation {unknown}
 t - a potion of brilliance {unknown}
 w - a potion of resistance {unknown}
 A - 2 potions of flight {unknown}
Comestibles
 f - 8 rations


   Skills:
 + Level 5.6 Fighting
 + Level 3.1 Short Blades
 + Level 5.6 Long Blades
 + Level 3.1 Axes
 + Level 3.1 Maces & Flails
 + Level 3.1 Polearms
 + Level 3.1 Staves
 + Level 3.1 Slings
 + Level 3.1 Bows
 + Level 3.1 Crossbows
 + Level 4.1 Throwing
 + Level 4.1 Armour
 + Level 5.6 Dodging
 + Level 3.1 Stealth
 + Level 3.1 Shields
 + Level 3.1 Unarmed Combat
 + Level 6.0 Spellcasting
 + Level 2.5 Conjurations
 + Level 2.5 Hexes
 + Level 2.5 Charms
 + Level 2.5 Summonings
 + Level 2.5 Necromancy
 + Level 6.1 Translocations
 + Level 2.5 Transmutations
 + Level 2.5 Fire Magic
 + Level 2.5 Ice Magic
 + Level 2.5 Air Magic
 + Level 2.5 Earth Magic
 + Level 2.5 Poison Magic
 + Level 3.5 Invocations
 + Level 3.1 Evocations


You had 8 spell levels left.
You knew the following spells:

 Your Spells              Type           Power        Failure   Level  Hunger
a - Blink                 Tloc           N/A          1%          2    #......
b - Tukima's Dance        Hex            ##......     19%         3    ##.....
c - Passage of Golubria   Tloc           N/A          14%         4    ####...
p - Shroud of Golubria    Chrm/Tloc      ###...       4%          2    #......

Your spell library contained the following spells:

 Spells                   Type           Power        Failure   Level  Hunger
 Gell's Gravitas          Tloc           ###.......   4%          3    ##.....
 Lesser Beckoning         Tloc           ###.......   4%          3    ##.....
 Teleport Other           Tloc           ###.....     4%          3    ##.....
 Corona                   Hex            ##.....      6%          1    None
 Ensorcelled Hibernation  Hex/Ice        ##....       9%          2    #......
 Confuse                  Hex            ##......     19%         3    ##.....
 Dazzling Spray           Conj/Hex       ##....       19%         3    ##.....


Dungeon Overview and Level Annotations

Branches:
Dungeon (6/15)             Temple (0/1) D:4

Altars:
Hepliaklqana
Nemelex Xobeh
Okawaru
Qazlal
Xom
Zin

Shops:
D:4 *


Innate Abilities, Weirdness & Mutations

Your experience applies equally to all skills.
You have very sharp teeth.
Your uncanny sense of smell can sniff out nearby items.
Your life essence is reduced to manifest your ancestor. (-10% HP)


Message History

Shedsu-nefertum closely misses the orc wizard.
The orc wizard hits you with a cursed -1 dagger.
* * * LOW HITPOINT WARNING * * *
The orc wizard hits Shedsu-nefertum but does no damage.
Shedsu-nefertum hits the orc wizard but does no damage.
Shedsu-nefertum drains the orc wizard.
Items here: ) / [ † a +2 scimitar of flaming; a +0 robe; a wand of digging (6) the orc corpse of Blork the orc
B - a +2 scimitar of flaming The orc wizard misses Shedsu-nefertum.
Shedsu-nefertum hits the orc wizard but does no damage.
The orc wizard casts a spell at you.
Shedsu-nefertum seems to slow down.
The orc wizard closely misses you.
You barely miss the orc wizard.
The orc wizard is heavily wounded.
The orc wizard points at you and mumbles some strange words.
The magic dart hits you!
You die...

#...........###
###.....................
..................##..##
#................#.....#
##................#......
.................#..<....
.........[....##.....##..
.......o.......#.....#.#.
#......R@................
#.....[............##...
#.....##...........#....
....... #..........#.....
.........#....####...#...
..#......##..## ...##...
. #...... #...# ...#....
....... ..... .#....
........ .#... #....


You could see the friendly Shedsu-nefertum the hexer and an orc wizard.

Vanquished Creatures
  A sky beast (D:5)
  2 ogres
  A centaur (D:5)
  2 crimson imps (D:5)
  An orc priest (D:3)
  2 orc wizards (D:3)
  A gnoll shaman (D:5)
  A worker ant (D:4)
  2 gnolls (D:5)
  9 adders
  A dart slug (D:1)
  3 leopard geckos
  7 orcs
  4 giant cockroaches
  9 goblins
  3 hobgoblins
  3 jackals (D:1)
  4 quokkas
  2 ball pythons
  9 bats
  5 frilled lizards
  9 kobolds
  10 rats
91 creatures vanquished.

Vanquished Creatures (collateral kills)
  An ogre (D:5)
  Blork the orc (D:6)
  A scorpion (D:4)
  A crimson imp (D:5)
  A jelly (D:5)
  2 orc priests
  2 gnolls (D:5)
  4 adders
  A worm (D:3)
  2 dart slugs
  A leopard gecko (D:3)
  4 orcs
  A hobgoblin (D:3)
  A jackal (D:5)
  3 bats (D:3)
  2 frilled lizards
28 creatures vanquished.

Vanquished Creatures (others)
  2 ancestors
2 creatures vanquished.

Grand Total: 121 creatures vanquished

Notes
Turn   | Place    | Note
-------+----------+-------------------------------------------
     0 | D:1      | FishyPogo the Gnoll Warper began the quest for the Orb.
     0 | D:1      | Reached XP level 1. HP: 20/20 MP: 6/6
   141 | D:1      | Reached XP level 2. HP: 17/26 MP: 7/7
   145 | D:1      | Learned a level 2 spell: Blink
   148 | D:1      | Learned a level 2 spell: Shroud of Golubria
   414 | D:1      | Reached XP level 3. HP: 28/31 MP: 9/9
   563 | D:1      | Reached skill level 5 in Spellcasting
   788 | D:2      | Reached skill level 1 in Invocations
   934 | D:2      | Reached skill level 1 in Short Blades
   934 | D:2      | Reached skill level 1 in Axes
   934 | D:2      | Reached skill level 1 in Maces & Flails
   934 | D:2      | Reached skill level 1 in Polearms
   934 | D:2      | Reached skill level 1 in Staves
   934 | D:2      | Reached skill level 1 in Slings
   934 | D:2      | Reached skill level 1 in Bows
   934 | D:2      | Reached skill level 1 in Crossbows
   934 | D:2      | Reached skill level 1 in Stealth
   934 | D:2      | Reached skill level 1 in Shields
   934 | D:2      | Reached skill level 1 in Unarmed Combat
   934 | D:2      | Reached skill level 1 in Evocations
   934 | D:2      | Reached XP level 4. HP: 29/38 MP: 11/11
   947 | D:2      | Found a hazy altar of Hepliaklqana.
   958 | D:2      | Became a worshipper of Hepliaklqana the Forgotten
  1197 | D:2      | Found a faded altar of an unknown god.
  1253 | D:3      | Found a glowing silver altar of Zin.
  1277 | D:3      | Found an iron altar of Okawaru.
  1508 | D:3      | Reached skill level 1 in Conjurations
  1508 | D:3      | Reached skill level 1 in Hexes
  1508 | D:3      | Reached skill level 1 in Charms
  1508 | D:3      | Reached skill level 1 in Summonings
  1508 | D:3      | Reached skill level 1 in Necromancy
  1508 | D:3      | Reached skill level 1 in Transmutations
  1508 | D:3      | Reached skill level 1 in Fire Magic
  1508 | D:3      | Reached skill level 1 in Ice Magic
  1508 | D:3      | Reached skill level 1 in Air Magic
  1508 | D:3      | Reached skill level 1 in Earth Magic
  1508 | D:3      | Reached skill level 1 in Poison Magic
  1530 | D:3      | Reached XP level 5. HP: 36/38 MP: 12/12
  2153 | D:3      | Reached XP level 6. HP: 35/45 MP: 13/13
  2434 | D:3      | Reached * piety under Hepliaklqana
  2542 | D:4      | Reached skill level 5 in Fighting
  2542 | D:4      | Reached skill level 5 in Long Blades
  2542 | D:4      | Reached skill level 5 in Dodging
  2743 | D:4      | Found a staircase to the Ecumenical Temple.
  2752 | D:4      | Reached XP level 7. HP: 29/50 MP: 15/15
  2779 | D:4      | Found Rehatym's General Store.
  3125 | D:5      | Entered Level 5 of the Dungeon
  3611 | D:5      | Reached XP level 8. HP: 38/56 MP: 16/16
  3778 | D:5      | Found a shimmering altar of Xom.
  3983 | D:5      | Found a stormy altar of Qazlal.
  4123 | D:6      | Found a sparkling altar of Nemelex Xobeh.
  4124 | D:6      | Reached ** piety under Hepliaklqana
  4156 | D:6      | Learned a level 3 spell: Tukima's Dance
  4161 | D:6      | Learned a level 4 spell: Passage of Golubria
  4264 | D:6      | Noticed Blork the orc
  4271 | D:6      | Remembered your ancestor Shedsu-nefertum as a hexer
  4281 | D:6      | Killed Blork the orc
  4288 | D:6      | Killed from afar by an orc wizard

Levels and vault maps discovered:
D:1:      nzn_arrival_water_spiral, layout_basic, minmay_misc_feat_enclosed,
          grunt_decor_arrowhead
D:2:      layout_rooms, old_standard_altar, chequers_ecumenical_altar_grove,
          first_ration
D:3:      layout_loops_corners, grunt_temple_overflow_open, grunt_ministairs_10,
          feat_on_display
D:4:      layout_loops_ring, minmay_temple_entry_proselytizer, serial_shops,
          nicolae_shop_crystal, corexii_leaking_fountain
D:5:      layout_loops_ring, kennysheep_little_box, lemuel_doored_altar
D:6:      layout_cave_pools, lemuel_zombie_altar_yredelemnul,
          nemelex_xobeh_ov_fountains_minmay, gammafunk_temple_overflow_wave,
          dk_vineyard_3, uniq_blork_the_orc

Skill      XL: |  1  2  3  4  5  6  7  8 |
---------------+-------------------------+-----
Spellcasting   | 5 6 |  6.0
Invocations    | 1 2 3 |  3.5
Short Blades   | 1 2 3 |  3.1
Axes           | 1 2 3 |  3.1
Maces & Flails | 1 2 3 |  3.1
Polearms       | 1 2 3 |  3.1
Staves         | 1 2 3 |  3.1
Slings         | 1 2 3 |  3.1
Bows           | 1 2 3 |  3.1
Crossbows      | 1 2 3 |  3.1
Stealth        | 1 2 3 |  3.1
Shields        | 1 2 3 |  3.1
Unarmed Combat | 1 2 3 |  3.1
Evocations     | 1 2 3 |  3.1
Conjurations   | 1 2 |  2.5
Hexes          | 1 2 |  2.5
Charms         | 1 2 |  2.5
Summonings     | 1 2 |  2.5
Necromancy     | 1 2 |  2.5
Transmutations | 1 2 |  2.5
Fire Magic     | 1 2 |  2.5
Ice Magic      | 1 2 |  2.5
Air Magic      | 1 2 |  2.5
Earth Magic    | 1 2 |  2.5
Poison Magic   | 1 2 |  2.5
Throwing       | 3 4 |  4.1
Armour         | 3 4 |  4.1
Fighting       | 5 |  5.6
Long Blades    | 5 |  5.6
Dodging        | 5 |  5.6
Translocations | 6 |  6.1

Action                   |  1- 3 |  4- 6 |  7- 9 || total
-------------------------+-------+-------+-------++-------
Melee: Dagger            |   102 |   177 |   140 ||   419
       Falchion          |     6 |       |       ||     6
       Bite              |     7 |    18 |    12 ||    37
       Punch             |       |       |     1 ||     1
Throw: Stone             |     1 |       |     3 ||     4
 Cast: Shroud of Golubri |     6 |     6 |     2 ||    14
       Passage of Golubr |       |       |     2 ||     2
       Blink             |       |       |     1 ||     1
Invok: Recall Ancestor   |       |       |     1 ||     1
       Ancestor Life: He |       |       |     1 ||     1
  Use: Scroll            |     4 |       |       ||     4
 Stab: Sleeping          |     1 |       |     1 ||     2
       Distracted        |       |     2 |     1 ||     3
  Eat: Chunk             |       |     6 |     5 ||    11
Armor: Leather armour    |    20 |    30 |    16 ||    66
Dodge: Dodged            |    70 |   113 |    96 ||   279
